 Dungeon Crawl Stone Soup version 0.20-a0-1026-gc3ddcbd (webtiles) character file.

2891 theAP the Grappler (level 9, -2/94 HPs)
             Began as a Troll Monk on Apr 20, 2017.
             Slain by an ice beast (7 damage)
             ... summoned by Fannar
             ... on level 11 of the Dungeon.
             The game lasted 00:11:58 (5282 turns).

theAP the Grappler (Troll Monk)                     Turns: 5282, Time: 00:11:59

Health: -2/94      AC:  6    Str: 24    XL:     9   Next: 48%
Magic:  8/8        EV: 11    Int:  6    God:
Gold:   507        SH:  0    Dex: 12    Spells: 8/8 levels left

rFire    . . .     SeeInvis .     - Unarmed
rCold    + . .     Gourm    +   (no shield)
rNeg     + . .     Faith    .   a - +0 robe
rPois    .         Spirit   .   (helmet restricted)
rElec    .         Reflect  .   s - +0 cloak
rCorr    .         Harm     .   (gloves unavailable)
MR       .....     Clarity  +   (boots unavailable)
Stlth    ++........             (no amulet)
Regen    0.7/turn               x - ring of positive energy
MPRegen  0.2/turn               (no ring)

@: no status effects
A: unfitting armour, claws 3, clarity, cold resistance 1, fast metabolism 3,
gourmand, regeneration 1, shaggy fur 1, tough skin 2
a: no special abilities


You were on level 11 of the Dungeon.
You were completely stuffed.

You visited 1 branch of the dungeon, and saw 9 of its levels.

You collected 521 gold pieces.
You spent 14 gold pieces at shops.

Inventory:

Armour
 a - a +0 robe (worn)
 s - a +0 cloak (worn)
Jewellery
 p - an uncursed amulet of inaccuracy
 x - a ring of positive energy (left claw)
Wands
 w - a wand of random effects (21/48)
 y - a wand of confusion (10/48)
Scrolls
 i - a scroll of enchant armour {unknown}
 j - 3 scrolls of teleportation
 n - 3 scrolls of amnesia
 o - a scroll of recharging
 t - a scroll of vulnerability {unknown}
 u - 2 scrolls of remove curse
 v - a scroll of magic mapping
Potions
 e - 2 potions of invisibility
 k - 3 potions of curing
 l - a potion of brilliance
 q - 2 potions of magic {unknown}
 r - a potion of might {unknown}
 z - a potion of lignification {unknown}
Books
 g - a book of Necromancy

   Spells                             Type                      Level
   a - Pain                           Necromancy                   1
   b - Animate Skeleton               Necromancy                   1
   c - Vampiric Draining              Necromancy                   3
   d - Regeneration                   Charms/Necromancy            3
   e - Animate Dead                   Necromancy                   4
   f - Control Undead                 Necromancy                   4
Comestibles
 b - 10 bread rations
 c - 3 royal jellies
 d - 22 chunks of flesh
 f - 5 fruits
 m - a meat ration


   Skills:
 + Level 7.6 Fighting
 - Level 3.2 Dodging
 - Level 2.2 Stealth
 * Level 10.2 Unarmed Combat


You had 8 spell levels left.
You didn't know any spells.

Dungeon Overview and Level Annotations

Branches:
Dungeon (7/15)                Orc (0/2) D:11
 Temple: D:4-7

Altars:
Cheibriados
Gozag
Qazlal
Sif Muna
Xom
Beogh

Shops:
D:5 *

Annotations:
D:11 Fannar


Innate Abilities, Weirdness & Mutations

You are too large for most types of armour.
You have claws for hands.
Your metabolism is lightning-fast.
You like to eat raw meat.
Your natural rate of healing is unusually fast.
You are covered in fur. (AC +1)
You have very tough skin. (AC +2)
You possess an exceptional clarity of mind.
Your flesh is cold resistant. (rC+)


Message History

Fannar is frozen.
Fannar resists.
Fannar is severely wounded.
The ice beast hits you.
* * * LOW HITPOINT WARNING * * *
The ice beast freezes you. You resist.
* * * LOW HITPOINT WARNING * * *
You completely miss Fannar.
Fannar is severely wounded.
The ice beast hits you but does no damage.
The ice beast closely misses you. The ice beast hits you.
* * * LOW HITPOINT WARNING * * *
The ice beast freezes you. You resist.
* * * LOW HITPOINT WARNING * * *
Fannar closely misses you.
You claw Fannar!
Fannar is severely wounded.
The ice beast hits you.
* * * LOW HITPOINT WARNING * * *
The ice beast freezes you! You resist.
You die...

##########.# ...........
###....#####
#..........# #########+#
†..........###........<.
#..........#.'..Y.......
#..........#.#.Y@e......
#..........#.#...Y......
#..........#.#..........
#..........'.#..........
#..........###########+#
##+#########


You could see Fannar and 3 ice beasts.

Vanquished Creatures
  Pikel (D:7)
  A spriggan (D:7)
  An ice beast (D:5)
  5 orc warriors
  An ogre (D:5)
  A sky beast (D:6)
  A centaur (D:6)
  A big kobold (D:11)
  2 bullfrogs (D:6)
  A jelly (D:5)
  2 scorpions
  3 killer bees (D:11)
  A howler monkey (D:4)
  A bullfrog zombie (D:5)
  A quasit (D:6)
  5 orc priests
  2 hounds
  Crazy Yiuf (D:5)
  A bullfrog skeleton (D:5)
  Terence (D:2)
  3 iguanas
  2 orc wizards
  4 worker ants
  2 hound zombies
  15 adders
  3 oozes
  A worm (D:2)
  4 dart slugs
  3 leopard geckos
  32 orcs
  5 giant cockroaches
  5 goblins
  9 hobgoblins
  18 jackals
  7 quokkas
  A ball python zombie (D:5)
  7 bats
  2 frilled lizards
  9 kobolds
  A leopard gecko zombie (D:6)
  9 rats
175 creatures vanquished.

Vanquished Creatures (others)
  An orc priest (D:7)
1 creature vanquished.

Grand Total: 176 creatures vanquished

Notes
Turn   | Place    | Note
-------+----------+-------------------------------------------
     0 | D:1      | theAP the Troll Monk began the quest for the Orb.
     0 | D:1      | Reached XP level 1. HP: 23/23 MP: 0/0
    99 | D:1      | Reached XP level 2. HP: 31/31 MP: 1/1
   276 | D:1      | Reached skill level 1 in Unarmed Combat
   520 | D:1      | Reached XP level 3. HP: 38/39 MP: 2/2
   765 | D:2      | Reached XP level 4. HP: 48/48 MP: 3/3
   991 | D:2      | Reached skill level 2 in Unarmed Combat
  1055 | D:2      | Noticed Terence
  1073 | D:2      | Killed Terence
  1250 | D:3      | Reached XP level 5. HP: 52/55 MP: 4/4
  1443 | D:3      | Reached skill level 3 in Unarmed Combat
  1668 | D:3      | Found a shimmering altar of Xom.
  2077 | D:4      | Reached skill level 5 in Fighting
  2077 | D:4      | Reached XP level 6. HP: 66/66 MP: 5/5
  2346 | D:4      | Reached skill level 4 in Unarmed Combat
  2668 | D:5      | Entered Level 5 of the Dungeon
  2828 | D:5      | Found Qeriar's Assorted Antiques.
  2833 | D:5      | Bought a fuming blue potion for 14 gold pieces
  2916 | D:5      | Gained mutation: Your spells are a little easier to cast, but a little less powerful. [potion of mutation]
  2916 | D:5      | Gained mutation: Your mind is acute. (Int +2) [potion of mutation]
  2916 | D:5      | Gained mutation: You have an increased reservoir of magic. (+10% MP) [potion of mutation]
  2917 | D:5      | Lost mutation: You have an increased reservoir of magic. (+10% MP) [potion of mutation]
  2917 | D:5      | Lost mutation: Your spells are a little easier to cast, but a little less powerful. [potion of mutation]
  2917 | D:5      | Lost mutation: Your mind is acute. (Int +2) [potion of mutation]
  2917 | D:5      | Gained mutation: You possess an exceptional clarity of mind. [potion of mutation]
  2917 | D:5      | Gained mutation: Your flesh is cold resistant. (rC+) [potion of mutation]
  3051 | D:5      | Found a deep blue altar of Sif Muna.
  3283 | D:5      | Reached skill level 5 in Unarmed Combat
  3315 | D:5      | Reached XP level 7. HP: 72/72 MP: 6/6
  3320 | D:5      | Found a snail-covered altar of Cheibriados.
  3321 | D:5      | Found a stormy altar of Qazlal.
  3321 | D:5      | Found an opulent altar of Gozag.
  3368 | D:5      | Reached skill level 6 in Unarmed Combat
  3440 | D:5      | Found a runed door.
  3620 | D:5      | Noticed Crazy Yiuf
  3629 | D:5      | Killed Crazy Yiuf
  3911 | D:6      | Reached XP level 8. HP: 38/83 MP: 7/7
  4213 | D:6      | Reached skill level 7 in Unarmed Combat
  4638 | D:7      | Noticed Pikel
  4661 | D:7      | Killed Pikel
  4661 | D:7      | Reached skill level 8 in Unarmed Combat
  4797 | D:7      | Reached skill level 9 in Unarmed Combat
  4798 | D:7      | Reached XP level 9. HP: 55/93 MP: 8/8
  5062 | D:7      | You fall through a shaft for 2 floors!
  5071 | D:9      | You fall through a shaft for 2 floors!
  5114 | D:11     | Found a roughly hewn altar of Beogh.
  5114 | D:11     | Found a staircase to the Orcish Mines.
  5219 | D:11     | Reached skill level 10 in Unarmed Combat
  5262 | D:11     | Noticed Fannar
  5282 | D:11     | Slain by an ice beast

Vault maps used:
D:1:      lightli_arrival_quake, wad_floor_pattern_2, amethyst_killhole
D:2:      uniq_terence
D:3:      nicolae_overflow_crystal_walls
D:4:      first_bread
D:5:      led_sif_pool, grunt_temple_overflow_open, serial_shops, shop,
          minivault_25, solitary_fountain, uniq_crazy_yiuf_cottage
D:7:      temple_doors_cd, the_bakery, uniq_menkaure, uniq_pikel
D:9:      overflow_temple_1_default, lemuel_coloured_pillars_altar,
          serial_shops, shop, kennysheep_small_spiral, roderic_roman_lattice,
          st_stairs_14, uniq_prince_ribbit1
D:11:     dpeg_oklobed_lair, david_orc_5, uniq_fannar, uniq_josephine

Skill      XL: |  1  2  3  4  5  6  7  8  9 |
---------------+----------------------------+-----
Unarmed Combat | 1 2 3 5 6 9 10 | 10.2
Fighting       | 4 5 6 7 |  7.6
Dodging        | |  3.2
Stealth        | |  2.2

Action                   |  1- 3 |  4- 6 |  7- 9 || total
-------------------------+-------+-------+-------++-------
Melee: Unarmed           |    87 |   218 |   222 ||   527
       Punch             |       |     5 |     8 ||    13
Evoke: Wand              |       |       |     2 ||     2
  Use: Scroll            |     5 |     8 |       ||    13
       Potion            |       |     2 |     7 ||     9
 Stab: Sleeping          |       |     9 |     6 ||    15
  Eat: Chunk             |    13 |    19 |    22 ||    54
Armor: Robe              |    28 |    49 |    43 ||   120
Dodge: Dodged            |    58 |    95 |   100 ||   253
